cohdb
Replays
Latest Replays
All Replays
Popular Replays
Top Player Replays
Match Explorer
How It Works
Community
CoH3 Stats
Reddit
Sign in to upload your games and track your stats! →
Sign in with Steam
Match 42257887
Unlisted
Match 42257887
Overview
Messages
Build Orders
End
Pioneer Squad
Pioneer Squad
Construct Infanterie Kompanie
MG 42 Machine Gun Team
Grenadier Squad
Grenadier Squad
Construct Luftwaffe Kompanie
221 Scout Car
Jäger Squad
Jäger Squad
Support Elements
Medical Bunker
Wirbelwind Flakpanzer
Luftwaffe Officer Quarters
Construct Panzer Kompanie
Stoßtruppen Squad
Selects Luftwaffe Battlegroup
Selects Luftwaffe Pioneer Support
Selects Flak 38 Anti-Air Emplacement
Selects Infantry Reserves
Selects Stuka Strafing Run
Selects Fallschirmjäger Squad Paradrop
MG 42 Bunker
Panzer IV Medium Tank
Stoßtruppen Squad
Panzer Officer Quarters
Stuka Strafing Run
Selects Stuka Loiter
Panzer IV Medium Tank
Construct Panzergrenadier Kompanie
Nebelwerfer 42 Rocket Launcher Team
Stuka Loiter
Marder III M Tank Destroyer
Side Skirts
Stuka Strafing Run
Panzer IV Medium Tank
Pioneer Squad
Stuka Loiter
Stoßtruppen Squad
Nubbl0r
Sir Chocolate Thunda, Gravion
0
0
Comments
sign in to comment!
No comments posted yet!